 Dungeon Crawl Stone Soup version 0.27-a0-931-g5a74e75d8f (webtiles) character file.

Game seed: 11208563560714415290

636 polve the Slasher (level 7, -5/99 HPs)
             Began as a Minotaur Berserker on Apr 10, 2021.
             Was an Elder of Trog.
             Slain by a water moccasin (6 damage)
             ... on level 5 of the Dungeon.
             The game lasted 00:03:51 (4705 turns).

polve the Slasher (Minotaur Berserker)              Turns: 4705, Time: 00:03:52

Health: -5/99      AC:  6    Str: 22    XL:     7   Next: 25%
Magic:  6/6        EV: 10    Int:  4    God:    Trog [****..]
Gold:   344        SH:  0    Dex: 11    Spells: 6/6 levels left

rFire    . . .     SeeInvis .   a - +0 falchion
rCold    . . .     Faith    .   (no shield)
rNeg     . . .     Spirit   .   g - +0 scale mail
rPois    .         Reflect  .   (helmet restricted)
rElec    .         Harm     .   (no cloak)
rCorr    .         Rampage  .   (no gloves)
Will     +....                  (no boots)
Stlth    ..........             (no amulet)
HPRegen  0.26/turn              (no ring)
MPRegen  0.10/turn              (no ring)

@: berserking, lethally poisoned (-5 -> -50), unable to read, very quick
A: horns 2, retaliatory headbutt, strong-willed 1, inability to read while
threatened
a: Renounce Religion, Berserk, Trog's Hand, Brothers in Arms


You were on level 5 of the Dungeon.
You worshipped Trog.
Trog was greatly pleased with you.
You visited 1 branch of the dungeon, and saw 5 of its levels.
You also visited: Ossuary.

You collected 344 gold pieces.

Inventory:

Hand Weapons
 a - a +0 falchion (weapon)
Missiles
 h - 4 throwing nets
 A - 7 curare-tipped darts
Armour
 b - a +0 animal skin
 g - a +0 scale mail (worn)
 s - a +2 cloak
Jewellery
 l - a ring of fire
Scrolls
 c - a scroll of blinking {unknown}
 d - 6 scrolls of identify {unknown}
 e - 2 scrolls of silence {unknown}
 f - a scroll of fog {unknown}
 j - a scroll of vulnerability {unknown}
 n - 2 scrolls of teleportation {unknown}
 o - a scroll of amnesia {unknown}
 q - 8 scrolls of noise {unknown}
 r - 2 scrolls of summoning {unknown}
 y - a scroll of immolation {unknown}
 z - a scroll of torment {unknown}
Potions
 i - 2 potions of lignification {unknown}
 k - 2 potions of berserk rage {unknown}
 m - a potion of ambrosia {unknown}
 p - 4 potions of curing {unknown}
 t - 2 potions of heal wounds {unknown}
 u - 12 potions of degeneration {unknown}
 v - a potion of experience {unknown}
 w - 2 potions of invisibility {unknown}
 x - a potion of flight {unknown}


   Skills:
 + Level 7.6 Fighting
 + Level 7.6 Long Blades
 - Level 2.4 Armour
 - Level 2.1 Dodging


You had 6 spell levels left.
You didn't know any spells.
Your spell library was empty.

Dungeon Overview and Level Annotations

Branches:
Dungeon (5/15)            Ossuary (visited)
 Temple: D:4-7

Altars:
Elyvilon

Shops:
D:3 [[:!!


Innate Abilities, Weirdness & Mutations

You have a pair of horns on your head.
You reflexively headbutt those who attack you in melee.
You are strong-willed. (Will+)
You sometimes lose the ability to read scrolls when taking damage.


Message History

You feel very sick.
The water moccasin bites you but does no damage.
The water moccasin bites you.
You feel threatened and lose the ability to read scrolls!
You are more poisoned.
The water moccasin poisons you!
A red film seems to cover your vision as you go berserk!
You feel yourself moving faster!
You feel mighty!
You feel extremely sick. The water moccasin bites you!
You are lethally poisoned!
The water moccasin poisons you!
You slash the water moccasin!
Your headbutt misses the water moccasin.
The water moccasin is severely wounded.
You feel very sick. The water moccasin bites you!
* * * LOW HITPOINT WARNING * * *
You are more poisoned.
The water moccasin poisons you!
You hit the water moccasin.
The water moccasin is severely wounded.
* * * LOW HITPOINT WARNING * * *
You feel extremely sick. The water moccasin bites you.
* * * LOW HITPOINT WARNING * * *
You are more poisoned.
The water moccasin poisons you!
You closely miss the water moccasin.
Your headbutt misses the water moccasin.
The water moccasin is severely wounded.
* * * LOW HITPOINT WARNING * * *
You feel extremely sick.
You are too berserk!
You closely miss the water moccasin.
The water moccasin is severely wounded.
* * * LOW HITPOINT WARNING * * *
You feel very sick. The water moccasin bites you.
You die...

# ####.........#.## #
##.###....._..#.... .
#))##.#.##.#...... ..
##..#...>.........
#..#..###..........!....
.#....................
......................
.########.........?...
#.....@S......
#.............
#.............
#................
####(............
##............
##.....##.... #######
####


You could see a water moccasin.

Vanquished Creatures
  The ghost of Alarkh the Insei, an amateur DsGl (D:3)
  A centaur zombie (Ossuary)
  A hound (D:4)
  An orc priest (D:3)
  A jelly (D:4)
  An iguana (D:4)
  Natasha (D:2)
  An orc wizard (D:4)
  3 mummies (Ossuary)
  A scorpion simulacrum (D:3)
  A hound skeleton (D:4)
  Robin (D:3)
  8 adders
  3 hound simulacra (D:3)
  A worm (D:2)
  4 dart slugs
  18 orcs
  2 endoplasms
  3 giant cockroaches
  A gnoll zombie (Ossuary)
  15 goblins
  10 hobgoblins
  10 jackals
  8 kobolds
  5 quokkas
  3 ball pythons
  5 bats
  2 frilled lizards
  3 hobgoblin zombies (Ossuary)
  A jackal simulacrum (D:3)
  A kobold zombie (Ossuary)
  2 orc zombies (Ossuary)
  A quokka simulacrum (D:3)
  5 rats
125 creatures vanquished.

Notes
Turn   | Place    | Note
-------+----------+-------------------------------------------
     0 | D:1      | polve the Minotaur Berserker began the quest for the Orb.
     0 | D:1      | Reached XP level 1. HP: 19/19 MP: 0/0
   401 | D:1      | Reached XP level 2. HP: 27/27 MP: 1/1
  1022 | D:1      | Reached ** piety under Trog
  1122 | D:2      | Reached XP level 3. HP: 34/34 MP: 2/2
  1587 | D:2      | Reached XP level 4. HP: 41/41 MP: 3/3
  1595 | D:2      | Reached skill level 5 in Long Blades
  1596 | D:2      | Reached skill level 5 in Fighting
  1655 | D:2      | Noticed Natasha
  1662 | D:2      | Killed Natasha
  1951 | D:3      | Found a runed translucent gate.
  1951 | D:3      | Found a runed translucent gate.
  1951 | D:3      | Found a runed translucent gate.
  1989 | D:3      | Found Padesus's Antique Armour Shoppe.
  1996 | D:3      | Found Jinexaw's Distillery.
  2021 | D:3      | Found Vyukhlui's Book Emporium.
  2081 | D:3      | Reached XP level 5. HP: 45/49 MP: 4/4
  2116 | D:3      | Noticed Robin
  2124 | D:3      | Reached *** piety under Trog
  2131 | D:3      | Killed Robin
  2261 | D:3      | Found Mourui's Antique Armour Boutique.
  2476 | D:3      | Found Diuschae's Distillery.
  2629 | D:3      | Noticed Alarkh's ghost (amateur DsGl)
  2944 | D:3      | Gained mutation: You sometimes lose the ability to read
                  | scrolls when taking damage. [potion of mutation]
  2944 | D:3      | Gained mutation: You are strong-willed. (Will+) [potion of
                  | mutation]
  2952 | D:3      | Killed Alarkh's ghost
  2953 | D:3      | Reached XP level 6. HP: 58/58 MP: 5/5
  3502 | D:4      | Reached XP level 7. HP: 66/66 MP: 6/6
  4174 | D:5      | Entered Level 5 of the Dungeon
  4178 | D:5      | Found a sand-covered staircase.
  4192 | Ossuary  | Entered an ossuary
  4229 | Ossuary  | Reached **** piety under Trog
  4688 | D:5      | Found a white marble altar of Elyvilon.
  4705 | D:5      | HP: 1/99 [poisoned by a water moccasin]
  4705 | D:5      | Slain by a water moccasin

Illustrated notes

Levels and vault maps discovered:
D:1:      enne_arrival_octagon_isle, layout_basic, kennysheep_pointless_box,
          solitary_fountain, minmay_cupped
D:2:      layout_basic, nrook_campfire, minmay_tromino_v4_c, uniq_natasha
D:3:      layout_loops_ring, gammafunk_ghost_icy, serial_shops, shop,
          nicolae_shop_stone, shop, shop, shop, grunt_decor_arrowhead,
          chequers_big_river, uniq_robin
D:4:      layout_loops_ring, serial_rivers, chequers_serial_rivers_micro_d,
          chequers_serial_rivers_small_a, chequers_serial_rivers_room_b,
          chequers_serial_rivers_micro_d, chequers_serial_rivers_small_b,
          chequers_serial_rivers_marsh
D:5:      layout_rooms, lemuel_crystal_altar, kennysheep_mini_moat,
          lemuel_doored_altar, enter_ossuary_1, dk_noncrumbling_2

Skill      XL: |  1  2  3  4  5  6 |
---------------+-------------------+-----
Fighting       | 4 5 6 7 |  7.6
Long Blades    | 4 5 6 7 |  7.6
Armour         | |  2.4
Dodging        | |  2.1

Action                   |  1- 3 |  4- 6 |  7- 9 || total
-------------------------+-------+-------+-------++-------
Melee: Falchion          |    80 |   121 |    69 ||   270
       Headbutt          |    17 |    22 |     9 ||    48
Invok: Berserk           |       |     3 |     1 ||     4
  Use: Potion            |       |     1 |       ||     1
Armor: Animal skin       |     6 |       |       ||     6
       Scale mail        |    21 |    53 |    25 ||    99
Dodge: Dodged            |    43 |    65 |    36 ||   144
       Rpst.: Falchion   |    10 |    18 |     8 ||    36

Table legend: (Time is in decaauts)
 A = Elapsed time spent in this place.
 B = Non-inter-level travel time spent in this place.
 C = Inter-level travel time spent in this place.
 D = Time resting spent in this place.
 E = Time spent auto-exploring this place.
 F = Levels seen in this place.
 G = Mean time per level.
                   A        B        C        D        E       F      G
               +--------+--------+--------+--------+--------+-----+--------+
         Total |   4755 |   4605 |    150 |      3 |   3952 |   6 |  792.5 |
       Dungeon |   4339 |   4189 |    150 |      3 |   3634 |   5 |  867.8 |
       Ossuary |    416 |    416 |      0 |      0 |    318 |   1 |  416.0 |
               +--------+--------+--------+--------+--------+-----+--------+

Top non-repeatable levels by time:
     D:3: 1228 daAuts
     D:1: 1082 daAuts
     D:4: 1048 daAuts
     D:2: 869 daAuts
 Ossuary: 416 daAuts
     D:5: 110 daAuts
